[Event "Titled Tuesday Blitz February 28 Late 2023"]
[White "Skvortsov, Andrei"]
[Black "Petrovic, Aleksa"]
[WhiteFideId "24108600"]
[BlackFideId "967629"]
[WhiteElo "2259"]
[BlackElo "2304"]
[Result "1-0"]
[Round "08"]
[TimeControl "180+2"]
[Date "2023.02.28"]
[WhiteClock "0:00:12"]
[BlackClock "0:00:02"]

1. d4 Nf6 2. Nf3 e6 3. g3 c5 4. Bg2 Qb6 5. O-O Nc6 6. c3 d5 7. b3 Be7 8. Bb2 O-O 9. e3 Bd7 10. Re1 Rfd8 11. Nbd2 Rac8 12. c4 cxd4 13. Nxd4 dxc4 14. Nxc4 Qa6 15. Bf1 Nxd4 16. Bxd4 Bb5 17. a4 Bxc4 18. Bxc4 Rxc4 19. bxc4 e5 20. Qb3 exd4 21. exd4 Bf8 22. d5 Nd7 23. Qb5 Nc5 24. Re3 Qf6 25. Rae1 a6 26. Qb1 h5 27. h4 g6 28. Qc2 Bd6 29. Kg2 Kg7 30. Rf3 Qd4 31. Ree3 Rd7 32. Re8 Re7 33. Rxe7 Bxe7 34. Re3 Bd6 35. Re8 b5 36. axb5 axb5 37. cxb5 Qxd5+ 38. Kg1 Ne6 39. Qc6 Qxc6 40. bxc6 Kf6 41. Kg2 Nd4 42. Rd8 Ke7 43. c7 Bxc7 44. Rxd4 Kf6 45. Rc4 Bd6 46. Kf3 Kg7 47. Ke4 Be7 48. Kd5 Ba3 49. Rc7 Bb2 50. Kc5 Ba3+ 51. Kc4 Bc1 52. Kd5 Ba3 53. Kc6 Bb2 54. Kd7 Kf8 55. Rc8+ Kg7 56. Rc4 Ba3 57. Ke8 f5 58. Kd7 Kf6 59. Rc6+ Kf7 60. Rc3 Bb4 61. Rc2 Ba5 62. Kc6 Bd8 63. Kd5 Be7 64. Rc7 Kf6 65. Rc6+ Kf7 66. Ke5 Bd8 67. Rc8 Be7 68. Rc7 Kf8 69. Ke6 1-0


[Site "https://www.chess.com"]

[Event "Titled Tuesday Blitz February 28 Late 2023"]
[White "Girsh, Daniel"]
[Black "Alikhanov, Felix"]
[WhiteFideId "30949190"]
[BlackFideId "4157427"]
[WhiteElo "2075"]
[BlackElo "2425"]
[Result "0-1"]
[Round "08"]
[TimeControl "180+2"]
[Date "2023.02.28"]
[WhiteClock "0:00:23"]
[BlackClock "0:00:19"]

1. e4 e6 2. d4 d5 3. e5 c5 4. c3 Nc6 5. Nf3 Qb6 6. Bd3 cxd4 7. O-O Bd7 8. Re1 Nge7 9. h4 h5 10. Nbd2 Nf5 11. Nb3 dxc3 12. bxc3 g6 13. a4 Be7 14. a5 Qd8 15. Ba3 Bxa3 16. Rxa3 Nxh4 17. Nfd4 Nf5 18. Bxf5 gxf5 19. Nc5 Qe7 20. Nxb7 Qxa3 21. Nd6+ Kf8 22. N4xf5 Qxc3 23. Re3 Qxa5 24. Nc4 Qc5 25. Nfd6 Rh7 26. Qb1 Rg7 27. Rf3 dxc4 28. Qb7 Rd8 29. Qc7 Qxe5 30. Re3 Qd5 31. Kh2 Be8 32. Ne4 Qe5+ 33. Qxe5 Nxe5 34. Nf6 Ng4+ 35. Nxg4 hxg4 36. f3 g3+ 37. Kh3 Rd5 38. Re4 Rh5+ 39. Rh4 Rxh4+ 40. Kxh4 c3 41. f4 c2 42. f5 exf5 43. Kh5 f6+ 44. Kh6 c1=Q# 0-1


[Site "https://www.chess.com"]

[Event "Titled Tuesday Blitz February 28 Late 2023"]
[White "Bjelobrk, Igor"]
[Black "Dzida, Kamil"]
[WhiteFideId "4300726"]
[BlackFideId "21828652"]
[WhiteElo "2335"]
[BlackElo "2139"]
[Result "1-0"]
[Round "08"]
[TimeControl "180+2"]
[Date "2023.02.28"]
[WhiteClock "0:00:07"]
[BlackClock "0:00:02"]

1. d4 Nf6 2. c4 g6 3. Nc3 d5 4. Nf3 Bg7 5. h4 c6 6. Bg5 Bg4 7. Ne5 Be6 8. cxd5 Nxd5 9. Nf3 Qb6 10. Qd2 h6 11. Nxd5 cxd5 12. Bf4 Nc6 13. e3 Bf5 14. Be2 h5 15. O-O O-O 16. Rfc1 Rfc8 17. Rc3 Nb4 18. a3 Nc2 19. Rc1 Rxc3 20. bxc3 Nxa3 21. Qa2 Nc4 22. Bxc4 dxc4 23. Qxc4 Rc8 24. Qf1 Qb2 25. Qe1 a5 26. c4 a4 27. c5 a3 28. Nd2 a2 29. Ra1 Rxc5 30. Rxa2 Qxa2 31. dxc5 Bd3 32. Nf3 Qd5 33. Qb4 Be4 34. Ne1 Bf8 35. f3 Bf5 36. e4 Qd1 37. exf5 e5 38. Be3 gxf5 39. Bf2 f4 40. Kf1 Qd5 41. Qb6 Qc4+ 42. Kg1 Qe2 43. Qb4 Qd1 44. Qe4 f6 45. Kh2 Kf7 46. Nd3 Ke6 47. Qc4+ Kf5 48. Qc3 Qe2 49. Qc4 e4 50. Qd5+ Kg6 51. fxe4 f3 52. Qf5+ Kf7 53. Qxf3 Qxf3 54. gxf3 1-0


[Site "https://www.chess.com"]

[Event "Titled Tuesday Blitz February 28 Late 2023"]
[White "Plotkin, Victor"]
[Black "Diaz Perez, Michel Alejandro"]
[WhiteFideId "2606674"]
[BlackFideId "3517179"]
[WhiteElo "2214"]
[BlackElo "2333"]
[Result "1-0"]
[Round "08"]
[TimeControl "180+2"]
[Date "2023.02.28"]
[WhiteClock "0:00:40"]
[BlackClock "0:00:07"]

1. e4 d5 2. exd5 Nf6 3. d4 Bg4 4. Be2 Bxe2 5. Qxe2 Qxd5 6. Nf3 e6 7. Nc3 Bb4 8. Bd2 Bxc3 9. Bxc3 Nbd7 10. O-O O-O 11. b3 Qe4 12. Qxe4 Nxe4 13. Bb2 Rfd8 14. Rfe1 Nd6 15. c4 Nf6 16. Rad1 c6 17. Kf1 a5 18. d5 cxd5 19. Bxf6 gxf6 20. cxd5 e5 21. Nd2 Rac8 22. Rc1 Rxc1 23. Rxc1 Nf5 24. Ne4 Kg7 25. d6 Nd4 26. Rc7 Nb5 27. Rxb7 Nxd6 28. Nxd6 Rxd6 29. Ke2 Rc6 30. Kd3 Rc5 31. a4 Rd5+ 32. Ke3 Rc5 33. Rb5 Rc3+ 34. Kd2 Rc6 35. Rxa5 Kg6 36. Rb5 Kf5 37. a5 Ke4 38. Rb6 Rc5 39. b4 Rd5+ 40. Kc2 f5 41. a6 Rd8 42. a7 Ra8 43. Rb7 Kd5 44. b5 Kc5 45. b6 Kc6 46. Rb8 1-0


[Site "https://www.chess.com"]

[Event "Titled Tuesday Blitz February 28 Late 2023"]
[White "Ramirez Allo, Eduardo"]
[Black "Fiorito, Joaquin"]
[WhiteFideId "2224178"]
[BlackFideId "180173"]
[WhiteElo "2466"]
[BlackElo "2157"]
[Result "1-0"]
[Round "08"]
[TimeControl "180+2"]
[Date "2023.02.28"]
[WhiteClock "0:00:33"]
[BlackClock "0:01:03"]

1. d4 Nf6 2. Nf3 d5 3. c4 e6 4. g3 dxc4 5. Bg2 c5 6. O-O Nc6 7. Qa4 Bd7 8. Qxc4 b5 9. Qd3 c4 10. Qc2 Rc8 11. a3 Be7 12. Nc3 Na5 13. Bf4 Nb3 14. Rad1 Bc6 15. e4 Qa5 16. d5 Bd7 17. Ne5 Nc5 18. Nxd7 Nfxd7 19. dxe6 Nxe6 20. Nd5 Nxf4 21. Nxe7 Kxe7 22. gxf4 Rcd8 23. Rd5 Rhe8 24. Rfd1 Nb6 25. R5d4 Qa4 26. Qd2 Rxd4 27. Qxd4 Kf8 28. e5 Qb3 29. Rd2 c3 30. bxc3 Nc4 31. Rd1 Qxa3 32. Bc6 Rb8 33. Qd8+ Rxd8 34. Rxd8+ Ke7 35. Re8# 1-0


[Site "https://www.chess.com"]

[Event "Titled Tuesday Blitz February 28 Late 2023"]
[White "Gerzhoy, Leonid"]
[Black "Mortazavi, Ali"]
[WhiteFideId "2806126"]
[BlackFideId "401323"]
[WhiteElo "2621"]
[BlackElo "2339"]
[Result "1/2-1/2"]
[Round "08"]
[TimeControl "180+2"]
[Date "2023.02.28"]
[WhiteClock "0:00:11"]
[BlackClock "0:00:03"]

1. d4 Nf6 2. Nf3 g6 3. Bg5 Bg7 4. Nbd2 O-O 5. c3 d6 6. e4 Nc6 7. Bb5 Bd7 8. O-O a6 9. Ba4 Qe8 10. d5 Ne5 11. Bxd7 Nxf3+ 12. Qxf3 Qxd7 13. Rfe1 c6 14. Nc4 Rae8 15. Bxf6 Bxf6 16. Rad1 cxd5 17. Rxd5 Bg7 18. e5 Qa4 19. Qd3 dxe5 20. Nb6 Qxa2 21. Nd7 Rd8 22. c4 e6 23. Rd6 Rfe8 24. b4 Qb2 25. b5 axb5 26. cxb5 Rc8 27. g3 h5 28. h4 Rc3 29. Qe4 Rc2 30. Rf1 Rec8 31. Nb6 R8c3 32. Qxb7 Rc1 33. Rd8+ Kh7 34. Qxf7 Rxf1+ 35. Kxf1 Qxb5+ 36. Kg1 Rc1+ 37. Kh2 Qf1 38. Qf3 Qg1+ 39. Kh3 Qf1+ 40. Kh2 Qg1+ 41. Kh3 Qf1+ 42. Kh2 1/2-1/2


[Site "https://www.chess.com"]

[Event "Titled Tuesday Blitz February 28 Late 2023"]
[White "Wartiovaara, Oliver"]
[Black "Haydon, David L"]
[WhiteFideId "513024"]
[BlackFideId "415405"]
[WhiteElo "2214"]
[BlackElo "2326"]
[Result "0-1"]
[Round "08"]
[TimeControl "180+2"]
[Date "2023.02.28"]
[WhiteClock "0:00:01"]
[BlackClock "0:01:18"]

1. d4 c6 2. Nc3 d5 3. Bf4 Bf5 4. e3 Nf6 5. Nf3 e6 6. Ne5 Bd6 7. g4 Bxe5 8. dxe5 Nxg4 9. h3 Nh6 10. Bxh6 gxh6 11. Qd2 Nd7 12. f4 Qh4+ 13. Kd1 O-O-O 14. Ne2 Nc5 15. Nd4 Ne4 16. Qe1 Bg4+ 17. Be2 Bxe2+ 18. Kxe2 Qxe1+ 19. Rhxe1 Rhg8 20. Rg1 Rg6 21. Nf3 Rdg8 22. Rxg6 Rxg6 23. Rg1 Kd7 24. Rg4 h5 25. Rxg6 hxg6 26. Ng5 Nxg5 27. fxg5 c5 28. Kd3 Kc6 29. a3 Kb5 30. b3 c4+ 31. Kd4 a5 32. Kc3 Kc5 33. a4 cxb3 34. cxb3 b5 0-1


[Site "https://www.chess.com"]

[Event "Titled Tuesday Blitz February 28 Late 2023"]
[White "Jovic, Stanoje"]
[Black "benny_aizenberg"]
[WhiteFideId "905020"]
[WhiteElo "2236"]
[BlackElo "2589"]
[Result "1-0"]
[Round "08"]
[TimeControl "180+2"]
[Date "2023.02.28"]
[WhiteClock "0:00:01"]
[BlackClock "0:00:01"]

1. c4 f5 2. g3 Nf6 3. Bg2 g6 4. Nc3 Bg7 5. d3 O-O 6. e4 d6 7. exf5 gxf5 8. h4 e5 9. h5 Nc6 10. h6 Bh8 11. Bg5 Be6 12. Nd5 Qd7 13. Ne2 Bxd5 14. Bxd5+ Nxd5 15. cxd5 Nb4 16. Qb3 Qb5 17. Nc1 Qxd5 18. Qxd5+ Nxd5 19. Ne2 Nb4 20. Kd2 e4 21. d4 c5 22. Be7 Rfc8 23. Bxd6 Nd3 24. dxc5 Nxb2 25. Rac1 Rc6 26. Rh5 Nd3 27. Rc4 Rd8 28. Rg5+ Kf7 29. Rxf5+ Ke6 30. g4 Nxc5 31. Rcxc5 Rcxd6+ 32. Ke3 Ke7 33. Nf4 Bd4+ 34. Kxe4 Bxc5 35. Rxc5 Rxh6 36. Rc7+ Rd7 37. Rc8 Ra6 38. Nd5+ Kd6 39. Nf6 Rf7 40. g5 Rxa2 41. f4 a5 42. Rh8 Rh2 43. Ra8 b6 44. Ra6 Kc5 45. Ke5 Re7+ 46. Kf5 Kb5 47. Ra8 a4 48. Nd5 Re1 49. Nc3+ Kb4 50. Nxa4 b5 51. Nb6 Rc2 52. Nd5+ Kb3 53. Rb8 Rc5 54. Kf6 Rxd5 55. Kg7 Rf5 56. Kxh7 Rxf4 57. Rxb5+ Kc4 58. Ra5 Re7+ 59. Kh6 Rh4+ 60. Kg6 Re6+ 61. Kf5 1-0


[Site "https://www.chess.com"]

[Event "Titled Tuesday Blitz February 28 Late 2023"]
[White "Rego, Pedro Filipe"]
[Black "Di Berardino, Diego Rafael"]
[WhiteFideId "1904310"]
[BlackFideId "2105446"]
[WhiteElo "2193"]
[BlackElo "2432"]
[Result "1/2-1/2"]
[Round "08"]
[TimeControl "180+2"]
[Date "2023.02.28"]
[WhiteClock "0:00:14"]
[BlackClock "0:00:02"]

1. c4 g6 2. g3 Bg7 3. Bg2 Nf6 4. Nc3 O-O 5. Nf3 d6 6. O-O Nc6 7. Rb1 Nh5 8. b4 a6 9. Qc2 f5 10. a4 f4 11. b5 axb5 12. axb5 Nd4 13. Nxd4 Bxd4 14. e3 f3 15. Bh1 Bg7 16. d4 Bg4 17. Bb2 Qd7 18. Ra1 Rab8 19. b6 c6 20. Ra7 Nf6 21. Rfa1 h5 22. Qd1 Qf5 23. h3 Bh6 24. e4 Nxe4 25. Nxe4 Qxe4 26. hxg4 hxg4 27. Bc1 Bxc1 28. Qxc1 Kg7 29. Qe3 Qf5 30. Qxe7+ Rf7 31. Qxd6 Re8 32. R7a5 Qd3 33. Re5 Ref8 34. Rae1 Qc3 35. Re7 Qxc4 36. Rxf7+ Rxf7 37. Qe5+ Kh7 38. Qe4 Qb4 39. Qe8 Rg7 40. Qe4 Rf7 41. Qe8 Rg7 42. Qe4 Rf7 1/2-1/2


[Site "https://www.chess.com"]

[Event "Titled Tuesday Blitz February 28 Late 2023"]
[White "Pinheiro, Iung Alicio de O."]
[Black "Kovalevsky, Stanislav"]
[WhiteFideId "2104350"]
[BlackFideId "13508598"]
[WhiteElo "2283"]
[BlackElo "2220"]
[Result "0-1"]
[Round "08"]
[TimeControl "180+2"]
[Date "2023.02.28"]
[WhiteClock "0:00:07"]
[BlackClock "0:00:11"]

1. e4 e6 2. d4 d5 3. e5 c5 4. c3 Nc6 5. Nf3 f6 6. Bd3 cxd4 7. cxd4 fxe5 8. Nxe5 Nxe5 9. dxe5 g6 10. h4 Bg7 11. h5 Ne7 12. hxg6 hxg6 13. Rxh8+ Bxh8 14. Qe2 Qc7 15. Bf4 Bd7 16. Nc3 O-O-O 17. Rc1 Kb8 18. Nxd5 Qa5+ 19. Nc3 Nd5 20. Bd2 Bc6 21. a3 Nxc3 22. Bxc3 Qd5 23. f3 Qxd3 24. Qxd3 Rxd3 25. Ke2 Rd5 26. f4 Bg7 27. Rh1 Rd7 28. Rh2 Kc7 29. Bb4 Be4 30. Bd6+ Kc6 31. Ke3 Bd5 32. g4 Rf7 33. Rc2+ Kb6 34. Bc5+ Ka6 35. Bd6 g5 36. fxg5 Rf3+ 37. Kd4 Rf4+ 38. Ke3 Re4+ 39. Kd3 Rxg4 40. Rc7 Rxg5 41. a4 Bxe5 42. Bxe5 Rxe5 43. b4 Re1 44. Kd4 Re4+ 45. Kc3 Kb6 46. Rc5 a6 47. a5+ Ka7 48. Rc7 Kb8 49. Rc5 Bc6 50. Rh5 Kc7 51. Rh7+ Kd6 52. Rh8 Rg4 53. Rd8+ Ke5 54. Rd1 Kf5 55. Rd8 e5 56. Rf8+ Ke4 57. Kc4 Ke3+ 58. Kc5 e4 59. Rf7 Kd2 60. b5 axb5 61. a6 bxa6 62. Kxc6 e3 63. Rd7+ Kc3 64. Re7 Kd3 65. Rd7+ Rd4 66. Rh7 e2 67. Rh3+ Kd2 68. Rh2 Re4 69. Kd5 Re3 70. Kd4 Kd1 71. Kxe3 e1=Q+ 72. Kf3 Qf1+ 73. Rf2 Qxf2+ 74. Kxf2 Kd2 75. Kf3 b4 76. Kf4 b3 77. Ke4 b2 78. Kd4 b1=Q 79. Kc4 Qb5+ 80. Kd4 Qb4+ 81. Kd5 Kd3 82. Kc6 Kc4 83. Kc7 Qb5 84. Kd6 Qc5+ 85. Ke6 Qd5+ 86. Kf6 Kc5 87. Ke7 Qd6+ 88. Ke8 Qc7 0-1


[Site "https://www.chess.com"]

[Event "Titled Tuesday Blitz February 28 Late 2023"]
[White "Bulgurlu, Okan"]
[Black "Karttunen, Mika"]
[WhiteFideId "6352316"]
[BlackFideId "502081"]
[WhiteElo "2351"]
[BlackElo "2396"]
[Result "1/2-1/2"]
[Round "08"]
[TimeControl "180+2"]
[Date "2023.02.28"]
[WhiteClock "0:00:03"]
[BlackClock "0:00:06"]

1. e4 e6 2. Nf3 d5 3. d3 Nf6 4. Nbd2 c5 5. g3 Nc6 6. Bg2 Be7 7. O-O O-O 8. c3 b5 9. a4 b4 10. exd5 exd5 11. Re1 Bf5 12. d4 bxc3 13. bxc3 cxd4 14. Nxd4 Nxd4 15. cxd4 Rc8 16. Rxe7 Qxe7 17. Ba3 Qd8 18. Bxf8 Qxf8 19. Rc1 Rxc1 20. Qxc1 Qb4 21. g4 Bxg4 22. Qb1 Qxb1+ 23. Nxb1 Kf8 24. Nc3 Be6 25. a5 a6 26. Bf1 Bc8 27. Na4 Nd7 28. Bg2 Bb7 29. Bh3 Ke7 30. Bxd7 Kxd7 31. Nc5+ Kc7 32. Kg2 Bc8 33. Kf3 Kc6 34. Kf4 f6 35. Ke3 Kb5 36. Kd3 Kxa5 37. Kc3 Kb5 38. Nd3 a5 39. Nf4 Kc6 40. Kb3 g6 41. Ka4 Kb6 42. Nxd5+ Kc6 43. Nxf6 Kd6 44. Nxh7 Kd5 45. Kxa5 Kxd4 46. Kb6 Ke4 47. Nf8 Bf5 48. Kc7 Kf3 49. Kd6 Kxf2 50. Ke5 Kg2 51. h4 Kh3 52. Kf6 Kxh4 53. Nxg6+ 1/2-1/2


[Site "https://www.chess.com"]

[Event "Titled Tuesday Blitz February 28 Late 2023"]
[White "Lopez Del Alamo, Antonio"]
[Black "Berezin, Viktor"]
[WhiteFideId "2227339"]
[BlackFideId "14107872"]
[WhiteElo "2175"]
[BlackElo "2310"]
[Result "0-1"]
[Round "08"]
[TimeControl "180+2"]
[Date "2023.02.28"]
[WhiteClock "0:00:08"]
[BlackClock "0:00:17"]

1. e4 g6 2. d4 Bg7 3. c4 d6 4. Nc3 Nf6 5. Be2 O-O 6. Be3 c5 7. d5 e6 8. h4 exd5 9. exd5 h5 10. Nh3 Bf5 11. Qd2 Re8 12. Ng5 a6 13. a4 Nbd7 14. f3 Ne5 15. Bf4 Nxc4 16. Qc1 Qb6 17. Ra2 Ne5 18. O-O Nd3 19. Qd2 Nxf4 20. Qxf4 Re5 21. Bc4 Rae8 22. Qd2 Re3 23. Nd1 R3e7 24. a5 Qc7 25. Nc3 Nd7 26. Nce4 Ne5 27. b3 Bc8 28. Kh1 Qd8 29. Qf4 Nxc4 30. bxc4 Be5 31. Qd2 f5 32. Nf2 Bf6 33. Ne6 Bxe6 34. dxe6 Rxe6 35. Nd3 Kg7 36. Nf4 Re3 37. Nd5 Bd4 38. Nxe3 Qxh4+ 39. Kg1 Bxe3+ 40. Qxe3 Rxe3 0-1


[Site "https://www.chess.com"]

[Event "Titled Tuesday Blitz February 28 Late 2023"]
[White "Aung Thant Zin"]
[Black "Cilek, Bora"]
[WhiteFideId "13000063"]
[BlackFideId "34502165"]
[WhiteElo "2278"]
[BlackElo "2108"]
[Result "1-0"]
[Round "08"]
[TimeControl "180+2"]
[Date "2023.02.28"]
[WhiteClock "0:00:30"]
[BlackClock "0:00:11"]

1. e4 g6 2. d4 Bg7 3. Nc3 c6 4. Be2 d5 5. e5 f6 6. f4 Nh6 7. h4 fxe5 8. fxe5 Nf5 9. Qd3 e6 10. Bg5 Qb6 11. O-O-O h5 12. Nh3 Nd7 13. Nf4 Nf8 14. Kb1 Bd7 15. Na4 Qa5 16. Nc5 b6 17. Nxd7 Kxd7 18. g4 hxg4 19. Bxg4 Bh6 20. Bxf5 gxf5 21. Rdg1 Re8 22. Qe3 Bxg5 23. Rxg5 c5 24. c3 Re7 25. h5 Reh7 26. Rhg1 Qb5 27. Rg7+ Ke8 28. Qg3 cxd4 29. cxd4 Qb4 30. Rc1 Kd8 31. Qg5+ 1-0


[Site "https://www.chess.com"]

[Event "Titled Tuesday Blitz February 28 Late 2023"]
[White "Zhigalko, Sergei"]
[Black "Erzhanov, Arman"]
[WhiteFideId "13502956"]
[BlackFideId "4138821"]
[WhiteElo "2626"]
[BlackElo "2138"]
[Result "1-0"]
[Round "08"]
[TimeControl "180+2"]
[Date "2023.02.28"]
[WhiteClock "0:00:11"]
[BlackClock "0:00:15"]

1. e4 d6 2. d4 Nf6 3. Nc3 c6 4. Nf3 Bg4 5. h3 Bxf3 6. Qxf3 e6 7. Bd3 d5 8. O-O Be7 9. Qg3 O-O 10. Bh6 Ne8 11. Rad1 Kh8 12. Bf4 Nf6 13. Bc7 Qd7 14. Rfe1 dxe4 15. Nxe4 Nxe4 16. Bxe4 Na6 17. Be5 Bf6 18. Bxf6 gxf6 19. Qh4 f5 20. Bxf5 exf5 21. Qf6+ Kg8 22. Rd3 f4 23. Re7 Qd5 24. Re5 Qxe5 25. dxe5 Nc5 26. Rd4 Ne6 27. Rd7 b6 28. h4 Rad8 29. Rd6 Rxd6 30. exd6 Rd8 31. Qe7 Kg7 32. Kh2 a5 33. c4 a4 34. g4 h6 35. Kh3 Kg6 36. Kg2 Kg7 37. g5 hxg5 38. hxg5 Kg8 39. g6 f3+ 40. Kg3 Rf8 41. d7 Nd8 42. Qf6 fxg6 43. Qxg6+ Kh8 44. Qh6+ Kg8 45. Qg6+ Kh8 46. Kh2 Nf7 47. Qxf7 Rxf7 48. d8=Q+ Kg7 49. Qxb6 Rf6 50. Kg3 Rg6+ 51. Kxf3 c5 52. Qxc5 Rf6+ 53. Ke2 Re6+ 54. Kd3 Kf6 55. Qd4+ Kf7 56. c5 Ke7 57. Kc4 Re1 58. Qe3+ Rxe3 59. fxe3 Kd7 60. Kb4 Kc6 61. a3 Kd5 62. Kb5 Ke4 63. Kxa4 Kxe3 64. b4 Kd4 65. c6 Kc4 66. c7 Kd5 67. c8=Q Kd6 68. Qc5+ 1-0


[Site "https://www.chess.com"]

[Event "Titled Tuesday Blitz February 28 Late 2023"]
[White "Gadimbayli, Abdulla"]
[Black "Petukhov, Dmitry"]
[WhiteFideId "13404938"]
[BlackFideId "4142748"]
[WhiteElo "2390"]
[BlackElo "2311"]
[Result "1/2-1/2"]
[Round "08"]
[TimeControl "180+2"]
[Date "2023.02.28"]
[WhiteClock "0:00:26"]
[BlackClock "0:00:26"]

1. Nf3 Nf6 2. g3 g6 3. Bg2 Bg7 4. O-O O-O 5. d4 d5 6. c4 c6 7. cxd5 cxd5 8. Nc3 Ne4 9. Nxe4 dxe4 10. Nd2 Bxd4 11. Nxe4 Nc6 12. Qb3 Qb6 13. Qxb6 axb6 14. Bh6 Rd8 15. Nc3 Be6 16. Rfd1 Ne5 17. h3 Nc4 18. e3 Bf6 19. Bxb7 Rab8 20. Ne4 Bxb2 21. Rab1 Bg7 22. Rxd8+ Rxd8 23. Bxg7 Kxg7 24. Ng5 Bd5 25. Bxd5 Rxd5 26. Ne4 Ra5 27. Rb4 b5 28. Nc3 Nd6 29. a4 bxa4 30. Nxa4 h5 31. Kg2 g5 32. Nc3 e6 33. Rb6 Nc4 34. Rc6 Ne5 35. Rc7 Kg6 36. Ne4 f5 37. Nc3 g4 38. hxg4 hxg4 39. Ne2 Kf6 40. Nd4 Ra6 41. Rh7 Nd3 42. Rh6+ Kf7 43. Rh7+ Kg6 44. Re7 Kf6 45. Rh7 Ra2 46. Rh6+ Kg7 47. Rxe6 Rxf2+ 48. Kg1 Kf7 49. Rd6 Rb2 50. Nxf5 Ne5 51. Nd4 Nf3+ 52. Nxf3 gxf3 53. Rd4 Rg2+ 54. Kf1 Rxg3 55. Kf2 Rh3 56. Rf4+ Ke6 57. Rxf3 Rxf3+ 58. Kxf3 Kf5 59. e4+ Ke5 60. Ke3 Ke6 61. Kd4 Kf6 62. e5+ Ke6 63. Ke4 Ke7 64. Kd5 Kd7 65. Ke4 Ke6 66. Kf4 Ke7 67. Kf5 Kf7 68. e6+ Ke7 69. Ke5 Ke8 70. Kd5 Ke7 71. Ke5 Ke8 72. Kf4 Ke7 73. Kf5 Ke8 74. Kf6 Kf8 75. Ke5 Ke7 76. Kd5 Ke8 77. Kd6 Kd8 78. e7+ Ke8 79. Ke6 1/2-1/2


[Site "https://www.chess.com"]

[Event "Titled Tuesday Blitz February 28 Late 2023"]
[White "Sokac, Marko"]
[Black "Melikyan, Gnel"]
[WhiteFideId "14531356"]
[BlackFideId "54109990"]
[WhiteElo "2355"]
[BlackElo "2138"]
[Result "1-0"]
[Round "08"]
[TimeControl "180+2"]
[Date "2023.02.28"]
[WhiteClock "0:02:12"]
[BlackClock "0:01:24"]

1. e4 g6 2. h4 h5 3. d4 d5 4. exd5 Qxd5 5. Nc3 Qd6 6. Bc4 Nc6 7. Nge2 Bg7 8. Bf4 Qd8 9. Nb5 e5 10. dxe5 Nxe5 11. Bxe5 Qxd1+ 12. Rxd1 Bxe5 13. f4 a6 14. fxe5 axb5 15. Bxb5+ c6 16. Bc4 b5 17. Bb3 c5 18. Bd5 Ra7 19. Nc3 Bd7 20. O-O Rh7 21. Ne4 Ke7 22. Ng5 Nh6 23. Nxh7 1-0


[Site "https://www.chess.com"]

[Event "Titled Tuesday Blitz February 28 Late 2023"]
[White "reevecanada"]
[Black "Poliakova, Varvara"]
[BlackFideId "13518313"]
[WhiteElo "2477"]
[BlackElo "2075"]
[Result "0-1"]
[Round "08"]
[TimeControl "180+2"]
[Date "2023.02.28"]
[WhiteClock "0:01:58"]
[BlackClock "0:01:51"]

1. e4 e5 2. Nf3 Nc6 3. d4 exd4 4. Nxd4 Nf6 5. Nxc6 bxc6 6. e5 Qe7 7. Qe2 Nd5 8. h4 Qe6 9. c4 Nb6 10. Nc3 Bb4 11. Bd2 a5 12. Ne4 Ba6 13. Bxb4 axb4 14. Nc5 Qe7 15. Nxa6 Rxa6 16. c5 Ra5 17. e6 Rxc5 18. exf7+ Kxf7 19. Rd1 Re5 20. Rd2 Rxe2+ 21. Bxe2 Nc4 22. Rc2 d5 23. O-O Qe4 24. Rfc1 Ne5 25. Bf1 Re8 26. Re2 Qxh4 27. Rce1 Ng4 28. Rxe8 Qh2# 0-1


[Site "https://www.chess.com"]

[Event "Titled Tuesday Blitz February 28 Late 2023"]
[White "Karamsetty, Jeevan"]
[Black "Gubajdullin, Alexei"]
[WhiteFideId "2025337"]
[BlackFideId "4141202"]
[WhiteElo "2111"]
[BlackElo "2285"]
[Result "1-0"]
[Round "08"]
[TimeControl "180+2"]
[Date "2023.02.28"]
[WhiteClock "0:00:27"]
[BlackClock "0:00:45"]

1. e4 c5 2. Nc3 Nc6 3. g3 g6 4. Bg2 Bg7 5. d3 e5 6. Be3 d6 7. f4 Nge7 8. Nf3 Nd4 9. O-O Bg4 10. Qd2 O-O 11. Nh4 f6 12. Rf2 Be6 13. Raf1 Bf7 14. Nd1 b6 15. c3 Nb5 16. b3 a5 17. Nb2 Nc7 18. fxe5 dxe5 19. Bh6 Ne8 20. Bxg7 Kxg7 21. g4 h6 22. Nf3 b5 23. h4 Nc6 24. g5 fxg5 25. hxg5 h5 26. Nh4 b4 27. Nc4 bxc3 28. Qxc3 Qd4 29. Qe1 Bxc4 30. dxc4 Nc7 31. Kh2 Rxf2 32. Rxf2 Ne7 33. Qf1 Qd6 34. Rf6 Ne6 35. Rf7+ Kg8 36. Qf6 Rf8 37. Rxf8+ Nxf8 38. Qxd6 1-0


[Site "https://www.chess.com"]

[Event "Titled Tuesday Blitz February 28 Late 2023"]
[White "Golubev, Mikhail"]
[Black "Klose, Eli"]
[WhiteFideId "14100983"]
[BlackFideId "16242955"]
[WhiteElo "2374"]
[BlackElo "2582"]
[Result "0-1"]
[Round "08"]
[TimeControl "180+2"]
[Date "2023.02.28"]
[WhiteClock "0:00:01"]
[BlackClock "0:00:02"]

1. e4 e6 2. d4 d5 3. Nc3 Bb4 4. e5 Ne7 5. a3 Bxc3+ 6. bxc3 b6 7. Qg4 Ng6 8. h4 h5 9. Qg3 Ba6 10. Bd3 Bxd3 11. cxd3 c5 12. Nf3 Nc6 13. O-O cxd4 14. cxd4 Rc8 15. Be3 Nce7 16. Bg5 Qd7 17. Bxe7 Qxe7 18. Ng5 Qd7 19. Nh3 O-O 20. f4 Ne7 21. Qg5 Nf5 22. Qxh5 Ng3 23. Qg4 Nxf1 24. Rxf1 f6 25. exf6 Rxf6 26. Ng5 Rcf8 27. g3 Qe8 28. Re1 Qg6 29. Re3 Rc8 30. Qe2 Qf5 31. Re5 Qg6 32. Kh2 Rc6 33. Kg2 Rf5 34. Re3 Rf6 35. Re5 Rc3 36. Re3 Qf5 37. Nxe6 Rc8 38. Re5 Qg6 39. Ng5 Rfc6 40. h5 Rc2 0-1


[Site "https://www.chess.com"]

[Event "Titled Tuesday Blitz February 28 Late 2023"]
[White "Mazurkiewicz, Michal"]
[Black "Rodrigues, Tiago Pereira"]
[WhiteFideId "1124943"]
[BlackFideId "2101203"]
[WhiteElo "2054"]
[BlackElo "2168"]
[Result "0-1"]
[Round "08"]
[TimeControl "180+2"]
[Date "2023.02.28"]
[WhiteClock "0:00:04"]
[BlackClock "0:00:12"]

1. e4 c5 2. Nf3 a6 3. g3 d6 4. Bg2 g6 5. O-O Bg7 6. Re1 Nd7 7. c3 Nh6 8. d4 O-O 9. Nbd2 Rb8 10. a4 b5 11. axb5 axb5 12. Nf1 b4 13. Ne3 bxc3 14. bxc3 cxd4 15. cxd4 Bb7 16. Nc4 d5 17. Na5 dxe4 18. Nxb7 Rxb7 19. Rxe4 Nf5 20. g4 Nd6 21. Re2 Rc7 22. Bf4 Nf6 23. h3 Nd5 24. Qd2 Nxf4 25. Qxf4 Qb8 26. Ne5 Rfc8 27. Kh2 Qb4 28. Ra6 Qb5 29. Rea2 h6 30. R2a5 Qb4 31. Bd5 Bxe5 32. Qxe5 Qd2 33. Kg2 Qg5 34. Qxg5 hxg5 35. Ra8 Kg7 36. Rxc8 Nxc8 37. Rb5 Nd6 38. Rc5 Ra7 39. Rc6 Ra4 40. Rc7 Kf6 41. Bf3 Rxd4 42. Rc5 Rd2 43. Ra5 Rd3 44. Ra6 Rc3 45. Kg3 Kg7 46. Ra7 Ne4+ 47. Kg2 Nd2 48. Be2 Kf6 49. Ra6+ e6 50. Rd6 Ne4 51. Rd4 Nc5 52. Rd2 Ke7 53. Bf3 f5 54. Ra2 Nd7 55. Ra7 Kd8 56. Ra8+ Ke7 57. Ra7 Kd6 58. Ra6+ Ke5 59. Ra7 Nc5 60. Ra5 Kf6 61. Rb5 Nd3 62. Rb6 Ne1+ 63. Kf1 Nxf3 64. Ke2 Nd4+ 65. Kd2 Rxh3 66. gxf5 gxf5 67. f4 gxf4 68. Ke1 Nf3+ 69. Kf2 Ng5 70. Kg2 Rg3+ 71. Kf2 Ne4+ 72. Kf1 Rf3+ 73. Kg2 Rf2+ 74. Kh1 Rc2 75. Kg1 f3 76. Kf1 Ng3+ 77. Kg1 f2+ 78. Kg2 f1=Q+ 79. Kxg3 Rc3+ 80. Kh4 Rh3# 0-1


[Site "https://www.chess.com"]

[Event "Titled Tuesday Blitz February 28 Late 2023"]
[White "Krishnan, Varun"]
[Black "Rottenwohrer Suarez, Juan"]
[WhiteFideId "5054508"]
[BlackFideId "32068182"]
[WhiteElo "2533"]
[BlackElo "2174"]
[Result "1-0"]
[Round "08"]
[TimeControl "180+2"]
[Date "2023.02.28"]
[WhiteClock "0:02:17"]
[BlackClock "0:01:24"]

1. e4 c5 2. Nf3 g6 3. c3 d5 4. exd5 Qxd5 5. d4 Bg7 6. Be3 cxd4 7. cxd4 Nh6 8. Nc3 Qa5 9. Bc4 O-O 10. O-O Nf5 11. Rc1 Nxe3 12. fxe3 Nc6 13. Bb3 Bd7 14. Ne4 Rad8 15. Nfg5 e6 16. Qf3 Be8 17. Qh3 h6 18. Nxe6 fxe6 19. Qxe6+ 1-0


[Site "https://www.chess.com"]